 Dungeon Crawl Stone Soup version 0.17.0-15-g6d90897 (webtiles) character file.

63 HungrySpirit the Skirmisher (level 4, -1/37 HPs)
             Began as a Formicid Wanderer on Nov 10, 2015.
             Slain by a gnoll
             ... wielding a +0 spear
              (3 damage)
             ... on level 2 of the Dungeon.
             The game lasted 00:03:15 (989 turns).

HungrySpirit the Skirmisher (Formicid Wanderer)      Turns: 989, Time: 00:03:15

Health: -1/37      AC:  2    Str: 21    XL:     4   Next: 31%
Magic:  5/5        EV: 11    Int:  9    God:
Gold:   35         SH:  0    Dex:  9    Spells: 0 memorised, 5 levels left

rFire  . . .     SeeInvis +     a - +2 hand crossbow
rCold  . . .     Clarity  .     e - +0 robe
rNeg   . . .     SustAt   .     (no shield)
rPois  .         Gourm    .     (helmet unavailable)
rElec  .         Spirit   .     (no cloak)
rCorr  +         Warding  .     (no gloves)
rMut   .         Stasis   +     (no boots)
MR     .....                    m - amulet of resist corrosion
Stlth  ++........               (no ring)
                                (no ring)

@: not resistant to hostile enchantments, unstealthy
A: permanent stasis, dig shafts and tunnels, four strong arms, antennae 3
a: Dig, Shaft Self


You were on level 2 of the Dungeon.
You were not hungry.

You visited 1 branch of the dungeon, and saw 2 of its levels.

You collected 35 gold pieces.

Inventory:

Hand Weapons
 a - a +2 hand crossbow (weapon)
 f - a +0 dagger
 p - a +0 whip
Missiles
 b - 3 bolts (quivered)
Armour
 e - a +0 robe (worn)
Jewellery
 m - an amulet of resist corrosion (around neck)
Wands
 q - a wand of random effects (22)
Scrolls
 i - 2 scrolls of random uselessness {unknown}
 k - a scroll of remove curse {unknown}
 l - 2 scrolls of fog {unknown}
 n - a scroll of immolation {unknown}
 o - a scroll of recharging {unknown}
 r - a scroll of magic mapping {unknown}
 s - 3 scrolls of identify {unknown}
Potions
 d - a potion of curing
 h - a potion of might {unknown}
 t - a potion of flight {unknown}
Books
 c - the Grimoire of Displacement

   Spells                             Type                      Level
   a - Apportation                    Translocation                1
   b - Portal Projectile              Translocation                3
Comestibles
 g - 2 bread rations
 j - 4 fruits


   Skills:
 * Level 3.7 Fighting
 - Level 1.0 Crossbows
 + Level 2.1 Armour
 - Level 2.4 Stealth
 - Level 1.1 Spellcasting
   Level 1.7 Translocations
   Level 2.6 Poison Magic


You had 5 spell levels left.
You didn't know any spells.

Dungeon Overview and Level Annotations

Branches:
Dungeon (2/15)

Altars:
Elyvilon


Innate Abilities, Weirdness & Mutations

You are under a permanent stasis effect.
You can dig through walls and to a lower floor.
Your four strong arms can wield two-handed weapons with a shield.
You have a pair of large antennae on your head (SInv).


Message History

Firing (i - inventory):
b - 6 bolts (quivered)
Press: ? - help, Shift-Dir - straight line, f/p - gnoll
Aim: a gnoll, wielding a spear (severely wounded)
You shoot a bolt. The bolt hits the gnoll.
You kill the gnoll!
You have reached level 4!
You feel stronger.
Firing (i - inventory):
b - 5 bolts (quivered)
Press: ? - help, Shift-Dir - straight line, f - gnoll
Aim: a gnoll, wielding a whip You shoot a bolt.
The bolt hits the gnoll!
The gnoll is severely wounded.
Firing (i - inventory):
b - 4 bolts (quivered)
Press: ? - help, Shift-Dir - straight line, f/p - gnoll
Aim: a gnoll, wielding a whip (severely wounded)
You shoot a bolt. The bolt hits the gnoll!
You kill the gnoll!
Your Armour skill increases to level 2!
The gnoll hits you from afar with a spear.
You die...

##.# #g.# #.## #....##.#.##
#g# #.#.##.....( #.#
#.#.#....... ##.#
####.#.........
#..###....#.........
########g###...............
#........(@#......#.......#
#..........#.............#
#..........#......###..†##
#..........##....#####.####
#..........###...#.........
#..........# #..#..########
#...)......###..#.##
#.................#
#..........##.....#


You could see a gnoll.

Vanquished Creatures
  3 gnolls (D:2)
  An adder (D:2)
  2 worms (D:2)
  6 hobgoblins
  4 kobolds
  2 giant newts (D:1)
  5 rats (D:1)
23 creatures vanquished.

Notes
Turn   | Place    | Note
--------------------------------------------------------------
     0 | D:1      | HungrySpirit the Formicid Wanderer began the quest for the Orb.
     0 | D:1      | HungrySpirit set off with: a +2 hand crossbow, 21 bolts, the Grimoire of Displacement, a potion of curing, a +0 robe, a +0 dagger, a bread ration
     0 | D:1      | Reached XP level 1. HP: 15/15 MP: 2/2
   469 | D:1      | Reached XP level 2. HP: 19/22 MP: 3/3
   792 | D:2      | Found a white marble altar of Elyvilon.
   920 | D:2      | Reached skill level 3 in Fighting
   920 | D:2      | Reached XP level 3. HP: 27/29 MP: 4/4
   987 | D:2      | Reached XP level 4. HP: 2/35 MP: 5/5
   989 | D:2      | Slain by a gnoll

Action                   |  1- 3 |  4- 6 || total
-------------------------+-------+-------++-------
Melee: Dagger            |    13 |       ||    13
 Fire: Hand crossbow     |    42 |     2 ||    44
